 Dungeon Crawl Stone Soup version 0.18-a0-1123-gbd92598 (webtiles) character file.

5840 M4edhros the Covert (level 10, 0/63 HPs)
             Began as an Octopode Artificer on Jan 19, 2016.
             Was a High Priest of Fedhas.
             Slain by an orc warrior
             ... wielding a +0 mace
              (7 damage)
             ... on level 2 of the Orcish Mines.
             The game lasted 00:22:55 (10495 turns).

M4edhros the Covert (Octopode Artificer)           Turns: 10495, Time: 00:22:55

Health: 0/63       AC:  1    Str: 10    XL:     10   Next: 80%
Magic:  14/16      EV: 15    Int: 18    God:    Fedhas [*****.]
Gold:   557        SH:  5    Dex: 13    Spells: 0 memorised, 9 levels left

rFire  . . .     SeeInvis .     n - +5 hunting sling
rCold  . . .     Gourm    .     q - +0 buckler
rNeg   + . .     Faith    .     (helmet restricted)
rPois  .         Spirit   .     (no amulet)
rElec  .         Dismiss  .     w - ring of stealth
rCorr  .         Reflect  .     y - ring of positive energy
SustAt .         Harm     .     (no ring)
MR     .....                    (no ring)
Stlth  ++++++++..               (no ring)
                                (no ring)
                                (no ring)
                                (no ring)

@: lethally poisoned (0 -> 0), not resistant to hostile enchantments,
extraordinarily stealthy
A: almost no armour, amphibious, 8 rings, constrict 8, camouflage 1, gelatinous
body 1
a: Evolution, Sunlight, Growth, Reproduction, Rain, Renounce Religion


You were on level 2 of the Orcish Mines.
You worshipped Fedhas.
Fedhas was extremely pleased with you.
You were very hungry.

You visited 2 branches of the dungeon, and saw 12 of its levels.

You collected 557 gold pieces.

Inventory:

Hand Weapons
 a - a +0 short sword
 n - a +5 hunting sling (weapon)
 z - a +0 morningstar of protection
 Q - the +5 long sword of the Rattle-Snake {drain, rC+}
   (You found it on level 9 of the Dungeon)

   A truly terrible weapon, it drains the life of those it strikes.
   It protects you from cold.
 S - a +2 short sword of protection
Missiles
 i - 16 sling bullets of frost
 j - 175 stones (quivered)
 l - 15 javelins
 A - 11 sling bullets
 J - 6 poisoned javelins
 L - 2 curare-tipped needles
Armour
 q - a +0 buckler (worn)
Rods
 g - a +5 rod of shadows (14/14)
   (You acquired it on level 8 of the Dungeon)
 I - a +7 rod of the swarm (10/10)
   (You acquired it on level 8 of the Dungeon)
Jewellery
 w - a ring of stealth (left tentacle)
 y - a ring of positive energy (right tentacle)
Wands
 b - a wand of flame (6/48)
 c - a wand of enslavement (6/24)
 d - a wand of random effects (11/48)
 f - a wand of enslavement (10/24)
 h - a wand of fireball (0/15)
 u - a wand of fireball (9/15)
 B - a wand of frost (13/48)
 D - a wand of slowing (12/48)
 E - a wand of draining (3/15)
 N - a wand of polymorph (13/24)
 R - a wand of draining (7/15)
Scrolls
 e - 6 scrolls of immolation
 k - 5 scrolls of noise
 o - a scroll of fear
 p - 4 scrolls of remove curse
 x - 4 scrolls of teleportation
 M - 3 scrolls of enchant armour
 O - 4 scrolls of vulnerability
 T - a scroll of fog
Potions
 s - 4 potions of poison
 C - a potion of magic
 F - 2 potions of curing
 G - a potion of haste
 U - a potion of heal wounds
Books
 t - a book of the Warp

   Spells                             Type                      Level
   a - Recall                         Summoning/Translocation      3
   b - Gell's Gravitas                Hexes/Translocation          3
   c - Force Lance                    Conjuration/Translocation    4
   d - Phase Shift                    Translocation                5
   e - Warp Weapon                    Charms/Translocation         5
   f - Summon Forest                  Summoning/Translocation      5
Comestibles
 m - 4 fruits
 r - a slice of pizza
 v - 16 royal jellies
 H - a meat ration
 K - a bread ration
 P - a beef jerky


   Skills:
 + Level 3.5 Fighting
 - Level 1.0 Short Blades
 * Level 3.1 Slings
 + Level 6.8 Dodging
 + Level 11.5 Stealth
 + Level 5.9 Shields
 * Level 5.1 Invocations
 * Level 8.9 Evocations


You had 9 spell levels left.
You didn't know any spells.

Dungeon Overview and Level Annotations

Branches:
Dungeon (10/15)            Temple (0/1) D:6            Lair (0/8) D:10
    Orc (2/2) D:10            Elf (0/3) Orc:2

Altars:
Ashenzari
Dithmenos
Fedhas
Makhleb
Qazlal
Ru
Trog
Xom
Yredelemnul
Zin
The Shining One

Shops:
D:7 (   D:8 (   Orc:1 =


Innate Abilities, Weirdness & Mutations

You cannot wear most types of armour.
You are amphibious.
You can wear up to eight rings at the same time.
You can use your tentacles to constrict eight enemies at once.
Your skin changes colour to match your surroundings (Stealth).
Your rubbery body absorbs attacks (AC +1).


Message History

The tomahawk hits your active ballistomycete.
Your wandering mushroom releases spores at the orc warrior.
The orc warrior is engulfed in a cloud of spores!
Unknown command.
Drink which item? (? for menu, Esc to quit)
Okay, then.
Evoke which item? (* to show all) (? for menu, Esc to quit)
Zapping:
E - a wand of draining (4/15)
Press: ? - help, Shift-Dir - straight line, f/p - orc warrior
Aim: an orc warrior, wielding a mace and wearing a chain mail (almost dead)
The bolt of negative energy misses the orc warrior.
Fedhas protects your plant from harm. x2
This wand has 3 charges left.
You hear an explosion!
You feel a bit more experienced.
The orc warrior hits you with a long sword!!
* * * LOW HITPOINT WARNING * * *
The orc warrior hits you with a mace!
You die...
Fedhas appreciates your contribution to the ecosystem.

**,..,.......,,,,,,,,,,,
*##P#.......,,,,,,,,***
*...#....,,,,,,,,,,*,,
##......,,,,,,,,,,,*_,
##..<..#********,,,,*,,
#......+,,,*,,**,,,,***
##......#,8,*,,,*,,,,,,,
#.....o.#,,,+,,,*,,,,,,,
##...))o@#****,,_*,,,,,,,
#..$o.Pfo#,8,,,,,*,,,,,,,
#....#()f#∩,,,,,,*,,,,,,,
*#....#.#)#,8,,,,**,,,*,,,
#(..$#.(.(#********,,,,,,,
******##..##....(.o(..,,,,,,,,,,
*,,,,,......((..(.#..#,,,,,,,,,,
*,****#*###.($.P...o,.,,,,,,,,*,
*,**,,*,,,#....(......,,,,,,,,,*


You could see 2 orc warriors, 2 orcs, 2 friendly wandering mushrooms and 3
friendly active ballistomycetes.

Vanquished Creatures
  A queen bee (D:9)
  Prince Ribbit (D:6)
  A wandering mushroom (D:8)
  A steam dragon (D:9)
  A water moccasin (D:9)
  23 killer bees
  An eye of draining (D:10)
  A big kobold (D:8)
  2 giant frogs
  3 scorpions
  3 wights
  A crimson imp (D:10)
  A jelly (D:10)
  A giant frog skeleton (D:7)
  4 orc priests
  6 hounds
  8 orc wizards
  2 centaur skeletons (D:10)
  2 iguanas
  6 worker ants
  6 gnolls
  9 adders
  4 shadow imps
  An ooze (D:7)
  An adder skeleton (D:9)
  3 worms (D:2)
  9 giant geckos
  34 orcs
  8 giant cockroaches
  2 goblins
  8 hobgoblins
  13 jackals
  6 quokkas
  4 ball pythons
  9 bats
  A giant gecko skeleton (D:4)
  6 giant newts
  4 hobgoblin skeletons (D:6)
  11 kobolds
  3 kobold skeletons (D:6)
  3 orc skeletons (D:6)
  A quokka skeleton (D:4)
  9 rats
224 creatures vanquished.

Vanquished Creatures (collateral kills)
  A fire drake (D:10)
  A troll (D:10)
  3 slime creatures (D:10)
  A hungry ghost (D:10)
  Edmund (D:4)
  4 orc warriors
  2 ice beasts (D:8)
  A phantom (D:8)
  An ogre (D:8)
  2 centaurs
  A giant frog (D:8)
  16 killer bees
  5 wights
  A crimson imp (D:8)
  A jelly (D:7)
  A hound (D:5)
  An orc priest (D:6)
  6 orc wizards
  A giant frog skeleton (D:5)
  A gnoll shaman (D:4)
  An iguana (D:8)
  A worker ant (D:5)
  A hound zombie (D:8)
  The ghost of M4edhros the Charlatan, a weakling OpAr (D:3)
  2 hound skeletons
  6 gnolls
  3 adders
  2 adder skeletons
  A giant gecko (D:8)
  11 orcs
  A hobgoblin (D:1)
  A jackal (D:6)
  A quokka skeleton (D:5)
  2 giant spores (Orc:2)
85 creatures vanquished.

Vanquished Creatures (others)
  An ogre (D:8)
  A necrophage (D:6)
  2 killer bees
  A worker ant zombie (D:3)
  An adder (D:4)
  A giant gecko (D:5)
  An orc (D:5)
  A giant cockroach zombie (D:5)
  8 wandering mushrooms
  A ballistomycete (Orc:2)
  2 giant spores
  234 toadstools
254 creatures vanquished.

Grand Total: 563 creatures vanquished

Notes
Turn   | Place    | Note
--------------------------------------------------------------
     0 | D:1      | M4edhros the Octopode Artificer began the quest for the Orb.
     0 | D:1      | Reached XP level 1. HP: 13/13 MP: 3/3
   314 | D:2      | Reached XP level 2. HP: 11/18 MP: 4/4
   555 | D:3      | Noticed M4edhros's ghost (weakling OpAr)
   594 | D:3      | Reached XP level 3. HP: 23/23 MP: 5/5
   603 | D:3      | Found a blossoming altar of Fedhas.
   613 | D:3      | Became a worshipper of Fedhas Madash
  1223 | D:1      | Reached * piety under Fedhas
  1455 | D:1      | Reached XP level 4. HP: 19/28 MP: 6/6
  1534 | D:1      | Reached skill level 4 in Stealth
  2082 | D:2      | Reached ** piety under Fedhas
  2108 | D:2      | Found a bloodstained altar of Trog.
  2376 | D:3      | Found a shadowy altar of Dithmenos.
  2455 | D:3      | Reached XP level 5. HP: 28/33 MP: 8/8
  2696 | D:3      | Killed M4edhros's ghost
  2696 | D:3      | Reached skill level 5 in Stealth
  2987 | D:5      | Entered Level 5 of the Dungeon
  3709 | D:5      | Found a basalt altar of Yredelemnul.
  3774 | D:5      | Reached skill level 6 in Stealth
  3774 | D:5      | Reached XP level 6. HP: 17/38 MP: 9/9
  4276 | D:5      | Reached skill level 1 in Shields
  4280 | D:5      | Reached *** piety under Fedhas
  4524 | D:4      | Noticed Edmund
  4536 | D:4      | Killed Edmund
  4741 | D:4      | Reached skill level 7 in Stealth
  4763 | D:4      | Reached XP level 7. HP: 36/43 MP: 10/10
  4827 | D:4      | Reached skill level 5 in Evocations
  5580 | D:6      | Found a staircase to the Ecumenical Temple.
  5640 | D:6      | Noticed Prince Ribbit
  5665 | D:6      | Killed Prince Ribbit
  5665 | D:6      | Reached skill level 8 in Stealth
  5716 | D:6      | Reached XP level 8. HP: 11/48 MP: 12/12
  5959 | D:6      | Reached **** piety under Fedhas
  6154 | D:6      | Found a glowing golden altar of the Shining One.
  6755 | D:7      | Reached skill level 9 in Stealth
  6773 | D:7      | Found a stormy altar of Qazlal.
  6774 | D:7      | Found a glowing silver altar of Zin.
  6776 | D:7      | Found a shattered altar of Ashenzari.
  6901 | D:7      | Found Osil's Antique Weapon Boutique.
  6936 | D:7      | Reached ***** piety under Fedhas
  6978 | D:7      | Found a sacrificial altar of Ru.
  7399 | D:8      | Reached skill level 5 in Dodging
  7437 | D:8      | Reached skill level 10 in Stealth
  7439 | D:8      | Reached XP level 9. HP: 29/53 MP: 13/13
  7584 | D:8      | Identified a scroll of acquirement
  7587 | D:8      | Identified a +4 rod of shadows (12/12) (You acquired it on level 8 of the Dungeon)
  7596 | D:8      | Identified a +5 rod of the swarm (9/9) (You acquired it on level 8 of the Dungeon)
  7662 | D:8      | Reached skill level 1 in Invocations
  8130 | D:8      | Found Eleilosa's Antique Weapon Boutique.
  8481 | D:9      | Noticed a queen bee
  8487 | D:9      | Killed a queen bee
  8491 | D:9      | Reached skill level 11 in Stealth
  8493 | D:9      | Reached skill level 5 in Shields
  8497 | D:9      | Reached XP level 10. HP: 62/62 MP: 15/15
  8878 | D:9      | Found a burning altar of Makhleb.
  9007 | D:9      | Found a shimmering altar of Xom.
  9407 | D:9      | Got an ancient long sword
  9408 | D:9      | Identified the +5 long sword of the Rattle-Snake {drain, rC+} (You found it on level 9 of the Dungeon)
  9461 | D:10     | Entered Level 10 of the Dungeon
  9468 | D:10     | Reached skill level 1 in Slings
  9685 | D:10     | HP: 3/63 [centaur/arrow (20)]
  9793 | D:10     | Found a staircase to the Lair.
 10212 | D:10     | Reached skill level 5 in Invocations
 10281 | D:10     | Found a staircase to the Orcish Mines.
 10369 | Orc:1    | Entered Level 1 of the Orcish Mines
 10409 | Orc:1    | Found Vixiwif's Jewellery Emporium.
 10420 | Orc:2    | Entered Level 2 of the Orcish Mines
 10495 | Orc:2    | Slain by an orc warrior

Vault maps used:
D:1:      elethiomel_arrival_fortress_basement
D:2:      old_standard_altar, kennysheep_generic_room_16
D:3:      marbit_many_paths, old_standard_altar, first_bread
D:4:      uniq_edmund
D:5:      nicolae_overflow_hidden_temple, st_stairs_9
D:6:      nicolae_tso_besieged_by_evil, minmay_temple_entry_purple_smoke,
          uniq_prince_ribbit1
D:7:      grunt_temple_overflow_open, basic_altar, serial_shops, shop
D:8:      serial_shops, shop
D:9:      old_standard_altar, nicolae_overflow_crystal_walls
D:10:     minmay_lair_entry_lava, orc_0_dummy
Orc:1:    serial_shops, nicolae_shop_behind_doors, uniq_gastronok
Orc:2:    grunt_orc_community_town_hall, grunt_orc_community_big_house_2,
          grunt_orc_community_big_house_2, grunt_orc_community_house_2,
          grunt_orc_community_house_3, grunt_orc_community_house_1,
          grunt_orc_community_house_1, grunt_orc_community_house_2,
          minmay_orc_temple_b

Action                   |  1- 3 |  4- 6 |  7- 9 | 10-12 || total
-------------------------+-------+-------+-------+-------++-------
Melee: Short sword       |    70 |   114 |    55 |       ||   239
       Morningstar       |       |       |   111 |       ||   111
       Long sword        |       |       |       |     6 ||     6
 Fire: Hunting sling     |       |       |    16 |   284 ||   300
Invok: Evolution         |     1 |     2 |     5 |     3 ||    11
       Reproduction      |       |       |     1 |     1 ||     2
       Sunlight          |       |       |       |     2 ||     2
Evoke: Wand              |     3 |    10 |    20 |     1 ||    34
       Rod               |       |       |     6 |       ||     6
  Use: Potion            |     2 |     2 |     5 |     1 ||    10
       Scroll            |       |       |    24 |     4 ||    28
 Stab: Sleeping          |     7 |    14 |    24 |       ||    45
  Eat: Bread ration      |       |     3 |     1 |       ||     4
       Chunk             |       |       |     3 |       ||     3
       Meat ration       |       |       |     1 |     1 ||     2
       Beef jerky        |       |       |     1 |       ||     1
